Map: Heavy Artillery LE

Players

Massa

  • Race: Terran Terran
  • League: Platinum
  • Spawn Location: 7:00

qqq

  • Race: Zerg Zerg
  • League: Platinum
  • Spawn Location: 7:00

Machine - Winner!

  • Race: Terran Terran
  • League: Diamond
  • Spawn Location: 1:00

FGAlvaro - Winner!

  • Race: Terran Terran
  • League: Diamond
  • Spawn Location: 3:00

VOD

Have the link to the VOD?

Description

Time

  • Played on: Jan. 17, 2021, 7:30 a.m.
  • Length: 10:41
Show
View Real Time Build Order
Export as new Build Order

Massa Terran 

Build Orders:  

Get SALT Encoding   

  12  0:00  SCV  
  13  0:12  SCV  
  14  0:23  Supply Depot  
  14  0:24  SCV  
  15  0:45  SCV  
  15  0:46  Barracks  
  15  0:49  Refinery  
  16  0:57  SCV  
  17  1:09  SCV  
  18  1:21  SCV  
  19  1:33  SCV  
  20  1:45  SCV  
  20  1:46  Supply Depot  
  21  1:54  Factory  
  21  1:56  Command Center  
  21  2:10  Barracks Reactor  
  21  2:13  Orbital Command  
  21  2:19  Refinery  
  21  2:38  Hellion  
  21  2:40  SCV  
  24  2:46  Marine  
  24  2:47  Marine  
  23  3:14  Hellion, Marine x2  
  23  3:19  Orbital Command  
  27  3:22  Starport  
  27  3:32  Engineering Bay  
  27  3:35  Supply Depot  
  27  3:36  SCV  
  27  3:39  Hellion, Marine x2  
  32  3:46  SCV  
  33  3:49  SCV  
  34  3:59  SCV  
  35  4:06  Barracks Tech Lab  
  35  4:09  Starport Tech Lab  
  35  4:14  SCV x2  
  37  4:26  SCV x2  
  37  4:27  Command Center  
  30  5:06  Widow Mine x2  
  33  5:07  Banshee  
  33  5:08  Cloaking Field  
  34  5:16  Missile Turret  
  34  5:22  Missile Turret  
  34  5:42  SCV  
  35  5:43  SCV x2  
  37  5:50  Banshee  
  37  5:54  SCV  
  36  6:06  SCV  
  36  6:07  SCV x2  
  39  6:14  Cyclone  
  39  6:15  Marine x2  
  44  6:18  SCV  
  44  6:19  SCV  
  44  6:23  Barracks  
  44  6:24  Barracks  
  46  6:27  Barracks  
  46  6:30  Sensor Tower  
  46  6:32  SCV x3  
  49  6:33  Banshee, Marine x2  
  54  6:46  Siege Tank  
  57  6:51  Marine x2  
  59  7:09  Marine  
  59  7:11  Marine  
  61  7:18  Siege Tank  
  62  7:26  Marine  
  62  7:29  Marine  
  59  7:45  Marine  
  59  7:46  Marine  
  59  7:48  Barracks Reactor x2, Barracks Tech Lab  
  61  8:03  Marine  
  61  8:04  Marine  
  60  8:06  Raven  
  62  8:13  Refinery  
  62  8:14  Refinery  
  62  8:20  Terran Infantry Weapons Level 1  
  62  8:23  Marine x3  
  65  8:35  Marine  
  65  8:36  Refinery x2, Marine x3  
  69  8:51  Supply Depot  
  69  8:52  Supply Depot  
  69  8:55  Supply Depot  
  69  8:59  Planetary Fortress  
  69  9:13  SCV x2, Marine x6  
  69  9:14  Widow Mine  
  69  9:17  Supply Depot x2  
  79  9:23  Supply Depot  
  65  9:25  SCV x2  
  65  9:30  Marine x3  
  61  9:37  SCV x2  
  50  9:39  Marine x4  
  53  9:45  Viking  
  53  9:48  Marine  
  52  9:57  Marine x4  
  52  9:58  Factory  
  52  9:59  Factory  
  52  10:07  Marauder  
  47  10:15  Marine x4  
Show
View Real Time Build Order
Export as new Build Order

qqq Zerg 

Build Orders: Hatch First 

Get SALT Encoding   

  12  0:00  Drone  
  13  0:08  Drone  
  14  0:23  Overlord  
  14  0:46  Drone, Hatchery  
  14  0:51  Drone  
  14  0:55  Drone  
  16  1:05  Drone  
  17  1:19  Spawning Pool  
  17  1:20  Extractor  
  17  1:22  Drone  
  17  1:25  Drone  
  17  1:33  Drone  
  18  1:42  Drone  
  19  1:54  Drone  
  20  2:03  Drone  
  20  2:05  Queen  
  23  2:12  Roach Warren  
  24  2:19  Drone  
  24  2:21  Drone  
  26  2:24  Lair  
  24  2:35  Drone x2  
  26  2:41  Queen  
  28  2:58  Overlord x3  
  28  3:00  Overlord  
  28  3:17  Baneling Nest  
  27  3:20  Drone x3  
  27  3:21  Drone  
  27  3:22  Drone  
  27  3:24  Glial Reconstitution  
  32  3:31  Roach  
  36  3:34  Roach  
  36  3:40  Extractor  
  35  3:42  Drone  
  35  3:45  Drone  
  37  3:54  Roach  
  37  3:55  Roach  
  41  4:00  Overlord  
  41  4:02  Roach  
  43  4:05  Zergling x6  
  43  4:06  Zergling x2  
  47  4:12  Roach  
  47  4:13  Roach  
  51  4:21  Roach  
  53  4:29  Evolution Chamber, Roach x2  
  53  4:30  Drone  
  57  4:32  Drone  
  58  4:39  Roach  
  58  4:40  Roach  
  60  5:00  Roach x2  
  60  5:01  Roach x2  
  56  5:15  Spore Crawler  
  56  5:17  Spore Crawler  
  56  5:20  Spore Crawler  
  56  5:21  Queen  
  49  5:22  Queen  
  49  5:24  Drone  
  49  5:25  Drone x2  
  52  5:37  Drone x3  
  52  5:40  Drone  
  56  5:58  Drone x2, Spire  
  56  5:59  Drone  
  58  6:17  Drone  
  58  6:18  Drone  
  56  6:28  Drone x3  
  56  6:30  Drone  
  56  6:51  Drone x2  
  56  6:53  Drone x2  
  60  7:01  Drone  
  61  7:03  Extractor x2  
  59  7:18  Hatchery  
  59  7:21  Corruptor  
  59  7:22  Corruptor  
  62  7:23  Corruptor  
  62  7:25  Drone  
  62  7:29  Extractor  
  64  7:37  Hatchery  
  64  7:39  Drone x4  
  67  7:47  Metabolic Boost  
  67  7:51  Overlord x2  
  67  8:08  Corruptor  
  67  8:09  Overlord  
  69  8:18  Zerg Flyer Weapons Level 1  
  69  8:23  Infestation Pit  
  68  8:30  Pneumatized Carapace, Corruptor  
  68  8:31  Corruptor  
  72  8:37  Drone x3  
  72  8:38  Drone  
  76  8:50  Mutalisk  
  76  8:51  Mutalisk  
  76  8:52  Mutalisk  
  82  8:55  Drone  
  51  9:21  Corruptor x3  
  47  9:33  Corruptor  
  47  9:36  Drone, Zergling x2  
  47  9:37  Zergling x8  
  55  9:45  Corruptor  
  55  9:47  Corruptor  
  59  9:54  Corruptor  
  38  10:16  Zergling x4  
Show
View Real Time Build Order
Export as new Build Order

Machine Terran - Winner!

Build Orders: Reaper Expand 

Get SALT Encoding   

  12  0:02  SCV  
  13  0:14  SCV  
  14  0:17  Supply Depot  
  14  0:26  SCV  
  15  0:39  SCV  
  15  0:40  Barracks  
  16  0:45  Refinery  
  16  0:51  SCV  
  17  1:03  SCV, Supply Depot  
  18  1:15  SCV  
  19  1:29  Reaper  
  19  1:31  Orbital Command  
  19  1:56  Command Center  
  19  1:58  SCV  
  20  2:10  Factory  
  20  2:12  Marine  
  20  2:14  SCV  
  22  2:26  SCV  
  22  2:28  Supply Depot  
  23  2:30  Marine  
  23  2:32  Refinery  
  24  2:38  SCV  
  25  2:48  Marine  
  25  2:50  SCV  
  27  3:01  Starport  
  27  3:02  SCV  
  28  3:06  Marine  
  28  3:11  Widow Mine  
  30  3:13  Orbital Command  
  30  3:15  SCV  
  31  3:23  Marine, Supply Depot  
  33  3:27  SCV  
  33  3:33  Widow Mine  
  35  3:39  SCV  
  35  3:40  Medivac  
  38  3:42  SCV  
  38  3:46  Barracks Tech Lab  
  39  3:51  SCV  
  39  3:54  Widow Mine, SCV  
  39  3:55  Refinery, Supply Depot  
  43  4:02  Supply Depot  
  43  4:03  SCV  
  43  4:06  SCV  
  43  4:09  Stimpack  
  45  4:15  SCV  
  46  4:18  SCV  
  47  4:24  Factory Tech Lab  
  47  4:27  SCV  
  47  4:30  SCV  
  49  4:31  Command Center  
  49  4:39  SCV  
  49  4:40  Marine  
  49  4:43  SCV  
  48  4:51  Cyclone, SCV  
  52  4:55  SCV  
  53  5:03  SCV  
  53  5:07  SCV  
  53  5:12  Marine  
  54  5:16  SCV  
  54  5:18  Refinery  
  54  5:19  SCV, Armory  
  56  5:28  SCV  
  57  5:31  SCV, Marine  
  55  5:36  Siege Tank  
  55  5:40  SCV  
  57  5:43  SCV  
  57  5:44  Barracks  
  57  5:45  Orbital Command  
  57  5:46  Barracks  
  57  5:47  Barracks  
  58  5:52  SCV, Marine  
  58  5:55  SCV, Starport Reactor  
  61  6:03  Orbital Command  
  61  6:04  SCV, Engineering Bay  
  61  6:05  Engineering Bay  
  61  6:06  Terran Vehicle Weapons Level 1  
  61  6:07  SCV  
  61  6:08  Supply Depot  
  63  6:12  Siege Tank  
  63  6:16  SCV  
  63  6:18  Combat Shield  
  67  6:19  SCV  
  68  6:28  SCV  
  68  6:29  Supply Depot  
  68  6:31  SCV  
  70  6:33  SCV  
  70  6:36  Barracks Reactor x3  
  71  6:40  SCV  
  71  6:44  SCV, Factory, Siege Tank  
  71  6:45  SCV  
  77  6:48  Supply Depot  
  77  6:49  Supply Depot  
  77  6:52  SCV  
  77  6:53  Marine  
  79  6:56  SCV  
  79  6:57  SCV  
  81  7:03  Refinery  
  81  7:04  Refinery, SCV  
  81  7:08  SCV, Supply Depot x2  
  83  7:09  SCV  
  83  7:11  Marine  
  85  7:16  Siege Tank  
  85  7:17  SCV  
  85  7:20  SCV, Marine x2  
  85  7:21  SCV, Marine x4  
  97  7:28  Missile Turret  
  97  7:29  SCV, Marine  
  99  7:32  SCV  
  99  7:33  SCV  
  99  7:34  Terran Infantry Weapons Level 1  
  99  7:35  Terran Infantry Armor Level 1  
  101  7:37  Factory Reactor  
  101  7:38  Marine x2, Missile Turret  
  101  7:39  Marine x4, Missile Turret  
  101  7:41  SCV  
  108  7:44  SCV  
  108  7:47  Marine  
  108  7:49  SCV, Siege Tank  
  114  7:56  Marine x6  
  120  8:01  Terran Vehicle And Ship Armor Level 1  
  120  8:03  SCV x2  
  120  8:04  SCV  
  120  8:05  Marine  
  124  8:09  Supply Depot  
  124  8:11  Medivac x2, Supply Depot  
  128  8:14  Marine x6  
  128  8:15  SCV x2  
  128  8:16  SCV, Supply Depot  
  128  8:19  Missile Turret  
  137  8:21  Widow Mine x2  
  137  8:22  Drilling Claws  
  141  8:30  Supply Depot  
  141  8:31  SCV x3, Marine x2, Siege Tank  
  141  8:32  Marine x5  
  154  8:44  Widow Mine x2  
  158  8:49  Marine x2  
  158  8:50  Marine x5  
  158  8:52  SCV x3  
  168  8:56  Command Center  
  166  9:03  Siege Tank  
  166  9:04  SCV  
  166  9:05  Widow Mine  
  166  9:06  Widow Mine  
  173  9:11  Marine  
  173  9:12  SCV x2  
  173  9:16  SCV  
  170  9:17  Marine x2  
  170  9:18  Marine  
  173  9:28  Marine  
  173  9:48  Factory  
  173  9:49  Factory  
  173  9:50  Barracks  
  173  10:08  SCV x2, Hellbat x2, Marine x6, Siege Tank  
  173  10:10  Orbital Command  
  188  10:33  Factory Tech Lab x2  
Show
View Real Time Build Order
Export as new Build Order

FGAlvaro Terran - Winner!

Build Orders:  

Get SALT Encoding   

  12  0:00  SCV  
  13  0:12  SCV  
  14  0:21  Supply Depot  
  14  0:24  SCV  
  15  0:42  SCV  
  16  0:46  Barracks  
  16  0:47  Refinery  
  16  0:54  SCV  
  17  1:06  SCV  
  18  1:18  SCV  
  20  1:33  Orbital Command  
  19  1:42  Command Center  
  19  1:49  Factory  
  19  1:52  Refinery  
  19  1:58  SCV  
  20  2:05  Supply Depot  
  20  2:07  Barracks Reactor  
  20  2:13  SCV  
  21  2:25  SCV  
  22  2:35  Starport  
  22  2:37  SCV  
  23  2:49  SCV  
  24  2:54  Orbital Command  
  24  2:56  Hellion  
  24  2:57  Hellion  
  28  3:01  SCV  
  29  3:11  Orbital Command  
  29  3:12  Fusion Core  
  29  3:13  Starport Tech Lab  
  29  3:16  SCV  
  29  3:18  Hellion  
  32  3:29  SCV  
  32  3:34  Supply Depot  
  33  3:38  Refinery x2, SCV  
  34  3:50  SCV  
  34  3:51  SCV  
  36  4:00  Battlecruiser  
  42  4:04  SCV  
  42  4:05  SCV  
  44  4:11  Hellion  
  44  4:12  Hellion  
  44  4:16  SCV  
  49  4:19  SCV  
  49  4:22  Supply Depot  
  50  4:28  SCV  
  51  4:31  SCV  
  51  4:36  Starport  
  50  4:40  SCV  
  50  4:44  SCV  
  50  4:54  Hellion x2  
  51  5:04  SCV x2  
  42  5:16  SCV  
  42  5:19  SCV  
  44  5:24  Battlecruiser  
  44  5:25  Starport Tech Lab  
  50  5:37  SCV x2  
  52  5:49  SCV x2  
  54  6:05  SCV x2  
  54  6:08  Hellion  
  54  6:09  Hellion  
  54  6:10  Command Center  
  60  6:17  SCV  
  61  6:26  SCV  
  61  6:28  Weapon Refit  
  61  6:29  Supply Depot x2  
  62  6:50  Hellion, Battlecruiser  
  62  6:51  SCV, Hellion  
  62  6:52  SCV  
  74  7:00  Battlecruiser, Supply Depot  
  80  7:03  Armory, Supply Depot  
  79  7:12  Hellion  
  75  7:30  SCV x2  
  71  7:37  Orbital Command  
  71  7:42  SCV x2, Barracks  
  64  7:54  SCV x2  
  64  7:55  Battlecruiser  
  72  8:20  SCV x2  
  72  8:21  SCV  
  75  8:32  SCV  
  75  8:33  SCV  
  77  8:43  Engineering Bay  
  77  8:44  SCV  
  77  8:45  SCV, Orbital Command  
  85  8:48  Battlecruiser  
  85  8:56  Armory  
  85  8:57  SCV x2  
  84  9:10  SCV  
  67  9:31  SCV  
  74  10:15  SCV x3  
  83  10:27  SCV x2  
  83  10:28  SCV  
Tags
 
Add a new tag
Caveats
  • Supply blocks, unpowered buildings, or Contaminate may cause inaccurate times.
  • Supply counts are checked every 10 seconds.